[Event "Landsturneringen 2023"]
[Site "Vallhall, Oslo"]
[Date "2023.07.01"]
[Round "1"]
[White "Skogholt, Steinar Dieseth"]
[Black "Sørensen, Vidar Busch"]
[Result "1-0"]
[WhiteElo "1211"]
[BlackElo "1342"]
[TimeControl "40/5400+30:1800+30"]
[BlackFideId "1513869"]
[WhiteFideId "1550047"]

1. d4 Nf6 2. c4 g6 3. Nc3 Bg7 4. Nf3 O-O 5. Bg5 d6 6. Qd2 Nbd7 7. Bh6 c6 8.
e4 e5 9. d5 a5 10. Bxg7 Kxg7 11. dxc6 bxc6 12. Qxd6 Qb6 13. Qd2 Nc5 14. Qc2
Re8 15. b3 Bg4 16. Be2 Rad8 17. O-O Bxf3 18. Bxf3 Ne6 19. Ne2 Ng5 20. Rad1
Nxf3+ 21. gxf3 c5 22. Nc3 Nh5 23. Nd5 Qb7 24. Qc3 f6 25. Qxa5 Rc8 26. Nb6
Rc7 27. Rd6 Rf8 28. Rfd1 Kh6 29. Rd7 Rb8 30. Rxc7 Qxc7 31. Qd2+ Nf4 32. Nd5
Qd6 33. Nxf4 Qxd2 34. Rxd2 exf4 35. Rd5 Rc8 36. Kf1 Rc6 37. e5 fxe5 38.
Rxe5 g5 39. Ke2 Kh5 40. Kd3 Kh4 41. Ke4 Ra6 42. Rxc5 Rxa2 43. b4 Rxf2 44.
b5 Re2+ 45. Kf5 Re3 46. b6 Rb3 47. Rb5 Rxb5+ 48. cxb5 g4 49. Kxf4 1-0

[Event "Landsturneringen 2023"]
[Site "Vallhall, Oslo"]
[Date "2023.07.01"]
[Round "1"]
[White "Reppen, Ida Helene"]
[Black "Halvorsen, Frode"]
[Result "1/2-1/2"]
[WhiteElo "1254"]
[BlackElo "1373"]
[TimeControl "40/5400+30:1800+30"]
[BlackFideId "1558595"]
[WhiteFideId "1527517"]

1. e4 e6 2. d4 d5 3. e5 c5 4. Nf3 b6 5. Bg5 Be7 6. Be3 Ba6 7. Bxa6 Nxa6 8.
a4 Nc7 9. a5 c4 10. axb6 axb6 11. Nc3 Bb4 12. Nd2 Ne7 13. Rxa8 Qxa8 14.
Ndb1 Qa1 15. Qc1 Nb5 16. O-O Nxc3 17. Nxc3 Qxc1 18. Bxc1 Bxc3 19. bxc3 Kd7
20. Bb2 Ra8 21. Ra1 Rxa1+ 22. Bxa1 Kc6 23. Bb2 b5 24. Kf1 Nc8 25. f4 Nb6
26. Ba3 Nd7 27. Be7 Nb6 28. h4 h5 29. Ke2 g6 30. Kf3 Kd7 31. Bb4 Na8 32. g4
hxg4+ 33. Kxg4 Ke8 34. Ba5 Kf8 35. Kg5 Ke7 36. Bb4+ Ke8 37. Ba5 Ke7 38.
Bb4+ Ke8 1/2-1/2

[Event "Landsturneringen 2023"]
[Site "Vallhall, Oslo"]
[Date "2023.07.01"]
[Round "1"]
[White "Amarapala, Anton"]
[Black "Hrituleac, Paul"]
[Result "0-1"]
[WhiteElo "1373"]
[BlackElo "1254"]
[TimeControl "40/5400+30:1800+30"]
[BlackFideId "1575023"]
[WhiteFideId "1517406"]

1. d4 Nf6 2. Nf3 e6 3. Bf4 c5 4. c3 d5 5. e3 Qb6 6. Qc2 cxd4 7. exd4 Nc6 8.
Bd3 Bd7 9. Nbd2 Rc8 10. O-O Nb4 11. Qb1 Nxd3 12. Qxd3 Bb5 13. c4 dxc4 14.
Nxc4 Bxc4 15. Qc2 Qd8 16. Rfc1 b6 17. b3 Ba6 18. Bc7 Qd5 19. Qc6+ Qxc6 20.
Rxc6 Nd5 21. Rac1 Ba3 22. Rd1 Rxc7 23. Rxc7 Nxc7 24. Ne5 Bb7 25. Nc4 Be7
26. a3 Bd5 27. Rc1 Nb5 28. a4 Bxc4 29. Rxc4 Nd6 30. Rc7 a5 31. Rc6 b5 32.
axb5 Nxb5 33. Rc8+ Bd8 34. d5 Nd6 35. Rc5 exd5 36. Rxd5 Kd7 37. f3 Bc7 38.
g4 Rd8 39. h3 Ke6 40. Rd2 g6 41. Kg2 f5 42. Rc2 Rd7 43. Kf1 fxg4 44. hxg4
Nb5 45. Re2+ Kf6 46. Re1 Rd3 47. b4 axb4 48. Rb1 Rxf3+ 49. Ke2 Rf4 50. Rg1
Kg5 51. Rc1 Bd6 52. Ke3 Rxg4 53. Rc6 Rg3+ 54. Kf2 Rf3+ 55. Ke1 Rc3 56. Rb6
Rc5 57. Ra6 h5 58. Ra1 Bf4 59. Ke2 b3 60. Rg1+ Kf5 61. Kd3 b2 62. Rb1 Bc1
0-1

[Event "Landsturneringen 2023"]
[Site "Vallhall, Oslo"]
[Date "2023.07.01"]
[Round "1"]
[White "Flyum, Geir Magne"]
[Black "Nebell, Anne Grete"]
[Result "1-0"]
[WhiteElo "1193"]
[BlackElo "1317"]
[TimeControl "40/5400+30:1800+30"]
[BlackFideId "1558234"]
[WhiteFideId "1574329"]

1. d4 g6 2. Bf4 Bg7 3. e3 d6 4. Nc3 c6 5. Nf3 Qb6 6. a3 Nf6 7. Bd3 Bg4 8.
Na4 Qa5+ 9. c3 Nbd7 10. b4 Qd8 11. h3 Bf5 12. Bxf5 gxf5 13. Nd2 b5 14. Nb2
Nd5 15. Qc2 Nxf4 16. exf4 e6 17. O-O O-O 18. Nf3 Nf6 19. Rfe1 Ne4 20. Nd2
d5 21. Nd3 Qc7 22. g3 Kh8 23. Nxe4 dxe4 24. Nc5 Rg8 25. Qd2 a5 26. Qe3 a4
27. f3 exf3 28. Qxf3 Bh6 29. Kf2 Rg6 30. Nd3 Rag8 31. Rg1 f6 32. Rae1 Re8
33. g4 Qd7 34. Nc5 Qd5 35. Qxd5 cxd5 36. Rxe6 Rxe6 37. Nxe6 fxg4 38. Rxg4
f5 39. Rxg6 hxg6 40. Kf3 Kg8 41. Nc7 Bf8 42. Nxb5 Be7 43. Nc7 Bd8 44. Nxd5
Kf7 45. b5 Ke6 46. c4 Kd6 47. Nb4 Kc7 48. c5 Kb7 49. Nd3 Bf6 50. Ne5 g5 51.
Ke3 Be7 52. Nf7 g4 53. hxg4 fxg4 54. Ne5 1-0

[Event "Landsturneringen 2023"]
[Site "Vallhall, Oslo"]
[Date "2023.07.01"]
[Round "1"]
[White "Kristiansen, David"]
[Black "Evenshaug, Ståle Jan"]
[Result "1-0"]
[WhiteElo "1112"]
[BlackElo "1308"]
[TimeControl "40/5400+30:1800+30"]
[BlackFideId "1534882"]
[WhiteFideId "1572083"]

1. e4 e5 2. Nf3 Nc6 3. Bc4 f5 4. d3 Nf6 5. Bg5 h6 6. Bxf6 Qxf6 7. a3 fxe4
8. dxe4 Qg6 9. Nc3 Qxg2 10. Rg1 Qh3 11. Nb5 Kd8 12. Bf7 d6 13. Rg3 Qd7 14.
Qd5 a6 15. Nc3 Nd4 16. O-O-O Ne6 17. Bxe6 Qxe6 18. Nxe5 Qxd5 19. Rxd5 Rg8
20. Ng6 Be6 21. Rdd3 Kd7 22. e5 Be7 23. exd6 cxd6 24. Nd5 Bxd5 25. Rxd5
Rac8 26. Rgd3 Rc4 27. Ne5+ 1-0

[Event "Landsturneringen 2023"]
[Site "Vallhall, Oslo"]
[Date "2023.07.01"]
[Round "1"]
[White "Dørum, Thomas"]
[Black "Astrup, Nils"]
[Result "1/2-1/2"]
[WhiteElo "1379"]
[BlackElo "1255"]
[TimeControl "40/5400+30:1800+30"]
[BlackFideId "1579436"]
[WhiteFideId "1568701"]

1. Nf3 d5 2. d4 Nf6 3. Bf4 e6 4. e3 Bd6 5. Bg3 O-O 6. Bd3 c5 7. c3 Qc7 8.
Bxd6 Qxd6 9. Nbd2 b6 10. O-O Ba6 11. Bxa6 Nxa6 12. Re1 Nc7 13. e4 dxe4 14.
Nxe4 Nxe4 15. Rxe4 Rfd8 16. Qc2 Ne8 17. dxc5 Qxc5 18. Rh4 Nf6 19. Nd2 h6
20. Ne4 Nxe4 21. Rxe4 Rd5 22. b4 Qd6 23. Ree1 Rc8 24. Rac1 Rd2 25. Qa4 Qf4
26. Rf1 Rxf2 27. Qxa7 Rxc3 28. Qxb6 Rcc2 29. Qd8+ Kh7 30. Qd3+ Qf5 31.
Qxf5+ exf5 32. Rxc2 Rxc2 33. Rxf5 Rxa2 34. Rxf7 Rb2 35. Rb7 Kg6 36. b5 Kf6
37. b6 g5 38. h3 h5 39. Rb8 h4 40. b7 Kg7 41. Kf1 Kh7 42. Ke1 Kg7 43. Kd1
Kh7 44. Kc1 Rb6 45. Kc2 Kg7 46. Kc3 Kh7 47. Kc4 Kg7 48. Kc5 Rb1 49. Kc6
Rc1+ 50. Kd5 Rb1 51. Ke5 Rb5+ 52. Ke4 Kh7 53. Kd4 Kg7 54. Kc4 Rb1 55. Kd5
Kh7 56. Ke6 Kg7 57. Kf5 Rb5+ 58. Kg4 Kh7 59. Kh5 Kg7 60. Rd8 Rxb7 61. Kxg5
Rb2 62. Rd7+ Kf8 63. Kf6 Rf2+ 64. Kg5 Rxg2+ 65. Kxh4 Kg8 66. Rd4 Kh7 67.
Kh5 Rg3 68. h4 Rg7 69. Rd5 Rg1 70. Rg5 Rh1 71. Ra5 Rg1 72. Ra7+ Rg7 73. Ra6
Kh8 74. Rc6 Kh7 75. Rd6 Kh8 76. Rg6 Rxg6 77. Kxg6 Kg8 78. h5 Kh8 79. h6 Kg8
80. h7+ Kh8 1/2-1/2

[Event "Landsturneringen 2023"]
[Site "Vallhall, Oslo"]
[Date "2023.07.01"]
[Round "1"]
[White "Jørgensen, Catherine"]
[Black "Evensen, Per-Erik"]
[Result "1/2-1/2"]
[WhiteElo "1256"]
[BlackElo "1385"]
[TimeControl "40/5400+30:1800+30"]
[BlackFideId "1525719"]
[WhiteFideId "1562932"]

1. d4 Nf6 2. c4 e6 3. Nf3 d5 4. g3 Bd6 5. Bg2 Nbd7 6. Qc2 O-O 7. c5 Be7 8.
O-O c6 9. Nc3 Re8 10. Bf4 Nf8 11. Ne5 N6d7 12. Nd3 Ng6 13. Be3 e5 14. dxe5
Ndxe5 15. Bd4 Bf6 16. Nxe5 Bxe5 17. Rad1 Qf6 18. e3 Bf5 19. Qb3 Bxd4 20.
Rxd4 Re7 21. a4 Rae8 22. Qd1 Nf8 23. Re1 Ne6 24. Rd2 Nxc5 25. Ne2 Ne4 26.
Rd4 Bg6 27. Nf4 Bf5 28. h4 Nd6 29. b3 Be4 30. Qd2 Bxg2 31. Kxg2 Ne4 32. Qc2
g5 33. hxg5 Qxg5 34. Rh1 f5 35. Rh5 Qf6 36. Qc1 Rg7 37. Rh3 Qf7 38. b4 Ng5
39. Rh4 Ne6 40. Nxe6 Rxe6 41. Qd1 Re4 42. Rdxe4 fxe4 43. Qd4 Qf3+ 44. Kf1
Rxg3 45. Rh2 Qf7 46. Qxa7 Rf3 47. Qb8+ Qf8 48. Rg2+ Kh8 49. Qe5+ Rf6 50.
Rg5 Qf7 51. Rf5 Kg7 52. Rg5+ Kh8 53. Rf5 Kg7 54. Rg5+ Kh8 55. Rf5 1/2-1/2

[Event "Landsturneringen 2023"]
[Site "Vallhall, Oslo"]
[Date "2023.07.01"]
[Round "1"]
[White "Winsents, Tore"]
[Black "Bergan, Thea Marie"]
[Result "1-0"]
[WhiteElo "1349"]
[BlackElo "1231"]
[TimeControl "40/5400+30:1800+30"]
[BlackFideId "1570420"]
[WhiteFideId "1571729"]

1. d4 Nf6 2. Bf4 e6 3. e3 d5 4. Nd2 c5 5. c3 Nbd7 6. Bd3 Be7 7. h3 O-O 8.
Ngf3 b6 9. O-O Bb7 10. Bc2 Rc8 11. Re1 cxd4 12. exd4 Re8 13. Bh2 Nf8 14.
Ne5 Bd6 15. Nef3 Bxh2+ 16. Nxh2 Ng6 17. Bxg6 hxg6 18. Nhf3 Ne4 19. Nxe4
dxe4 20. Nd2 Qd5 21. Qg4 Qf5 22. Nxe4 Qxg4 23. hxg4 f5 24. Nd6 Ba6 25. Nxc8
Bxc8 26. gxf5 gxf5 27. Re5 Kf7 28. Rae1 Bd7 29. f3 g6 30. Kf2 Kf6 31. Rh1
Re7 32. f4 Bc6 33. a3 a6 34. Ree1 b5 35. Rh8 a5 36. Reh1 b4 37. R1h7 bxa3
38. Rf8+ Rf7 39. Rfxf7# 1-0

[Event "Landsturneringen 2023"]
[Site "Vallhall, Oslo"]
[Date "2023.07.01"]
[Round "1"]
[White "Trondsen, Nicolai"]
[Black "Dalbak, Tom H."]
[Result "1-0"]
[WhiteElo "1372"]
[BlackElo "1253"]
[TimeControl "40/5400+30:1800+30"]
[BlackFideId "1550357"]
[WhiteFideId "1566695"]

1. e4 e5 2. Nf3 Nc6 3. Bc4 h6 4. O-O Nf6 5. d4 exd4 6. Nxd4 Nxd4 7. Qxd4
Be7 8. b3 O-O 9. Nc3 d6 10. Ba3 c5 11. Qd3 a6 12. Bb2 b5 13. Bd5 Nxd5 14.
Nxd5 Bb7 15. Qg3 f6 16. Nf4 Qd7 17. Ng6 Rf7 18. e5 fxe5 19. Rad1 Qe6 20.
Rfe1 Re8 21. f4 e4 22. f5 Qxf5 23. Rf1 Qe6 24. Rxf7 Qxf7 25. Rf1 Qe6 26.
Nf4 Qf7 27. Ne6 Bf6 28. Rxf6 1-0

[Event "Landsturneringen 2023"]
[Site "Vallhall, Oslo"]
[Date "2023.07.01"]
[Round "1"]
[White "Rothschild, Frank Robert"]
[Black "Nilsen, Helmer"]
[Result "0-1"]
[WhiteElo "1255"]
[BlackElo "1377"]
[TimeControl "40/5400+30:1800+30"]
[BlackFideId "1514253"]
[WhiteFideId "1544934"]

1. e4 c5 2. c3 a6 3. d4 cxd4 4. cxd4 e6 5. Nf3 d5 6. e5 Nc6 7. a3 Nge7 8.
Nc3 Nf5 9. Be2 Qb6 10. Na4 Qa7 11. Be3 g6 12. O-O Nxe3 13. fxe3 Bh6 14. Qd3
b6 15. b4 Bd7 16. Nc3 b5 17. e4 Bf4 18. Kh1 Ne7 19. exd5 exd5 20. Nd1 Bf5
21. Qc3 Rc8 22. Qb3 Bc2 23. Qa2 Qd7 24. Nb2 Qf5 25. Ne1 Be4 26. Nbd3 g5 27.
Nxf4 gxf4 28. Qd2 Rg8 29. Rxf4 Qg5 30. Bf1 Ng6 31. Rf2 Qxd2 32. Rxd2 Nf4
33. Rf2 Nh3 34. Re2 Nf4 35. Rf2 Nh3 36. Rf6 Rg6 37. Rxg6 fxg6 38. Bd3 Nf2+
39. Kg1 Nxd3 40. Nxd3 Bxd3 41. g4 Rc4 42. h3 Be4 43. Rd1 Rc3 0-1

[Event "Landsturneringen 2023"]
[Site "Vallhall, Oslo"]
[Date "2023.07.02"]
[Round "2"]
[White "Olsen, Sondre"]
[Black "Skogholt, Steinar Dieseth"]
[Result "0-1"]
[WhiteElo "1340"]
[BlackElo "1211"]
[TimeControl "40/5400+30:1800+30"]
[BlackFideId "1550047"]
[WhiteFideId "1560379"]

1. d4 Nf6 2. c4 e6 3. Nf3 d5 4. Nc3 Bb4 5. Bg5 h6 6. Bh4 O-O 7. e3 b6 8.
Bd3 dxc4 9. Bxc4 Bb7 10. O-O Be7 11. Bg3 Nh5 12. Qe2 Nxg3 13. hxg3 Nd7 14.
Rad1 Bb4 15. d5 exd5 16. Bxd5 Bxd5 17. Nxd5 Bd6 18. Qd2 Nf6 19. Nxc7 Bxc7
20. Qc3 Qe7 21. Nd4 Qc5 22. Qb3 Qd5 23. Qxd5 Nxd5 24. Nb5 Rfd8 25. e4 a6
26. Rxd5 axb5 27. Rxb5 Rxa2 28. Rc1 Rd7 29. f4 Ra5 30. Rb3 Rc5 31. Ra1 Rd2
32. Rc3 Rxb2 33. Ra8+ Kh7 34. Rd3 Rcc2 35. Rd7 Rxg2+ 36. Kf1 Rgc2 37. Rd1
b5 38. Ra6 b4 39. e5 b3 40. g4 Ra2 41. Rxa2 bxa2 42. g5 Rb2 0-1

[Event "Landsturneringen 2023"]
[Site "Vallhall, Oslo"]
[Date "2023.07.02"]
[Round "2"]
[White "Granqvist, Arnold"]
[Black "Endeberg, Ivar"]
[Result "1-0"]
[WhiteElo "1273"]
[BlackElo "1353"]
[TimeControl "40/5400+30:1800+30"]
[BlackFideId "1526154"]
[WhiteFideId "109105211"]

1. e4 d5 2. d4 dxe4 3. Nc3 Nf6 4. Bg5 Nbd7 5. f3 e3 6. Bc4 g6 7. Qd3 Bg7 8.
O-O-O O-O 9. h4 Nb6 10. Bb3 a5 11. a3 Bf5 12. Ne4 Nxe4 13. fxe4 Bg4 14. Nf3
Rc8 15. Qxe3 Qd7 16. Bh6 Bxf3 17. gxf3 Rfd8 18. Bxg7 Kxg7 19. h5 Qd6 20.
hxg6 a4 21. Qh6+ 1-0

[Event "Landsturneringen 2023"]
[Site "Vallhall, Oslo"]
[Date "2023.07.02"]
[Round "2"]
[White "Bu, Knut Steinar"]
[Black "Rostad, Øystein"]
[Result "1-0"]
[WhiteElo "1310"]
[BlackElo "1233"]
[TimeControl "40/5400+30:1800+30"]
[BlackFideId "1556134"]
[WhiteFideId "1528408"]

1. e4 c6 2. d4 d5 3. e5 c5 4. dxc5 e6 5. b4 a6 6. Nf3 Nc6 7. a3 h6 8. Bb2
Nge7 9. Bd3 Qc7 10. Qe2 b5 11. Nbd2 Bb7 12. O-O Rd8 13. Rfe1 g6 14. Rad1
Bg7 15. Nf1 O-O 16. Bc1 d4 17. Ng3 Nd5 18. Bd2 Nc3 19. Bxc3 dxc3 20. Ne4
Nxe5 21. Nxe5 Bxe5 22. Ng3 Bxg3 23. hxg3 Bd5 24. Qe3 Kh7 25. Be2 Qb7 26.
Bf3 Bxf3 27. gxf3 Qc7 28. Qxc3 Rxd1 29. Rxd1 Rd8 30. Rxd8 Qxd8 31. Qd3 Qa8
32. Qe4 Qd8 33. Qc6 Kg8 34. Qxa6 e5 35. Qxb5 e4 36. Qe2 exf3 37. Qxf3 Kf8
38. c4 Qd4 39. Qd5 Qa1+ 40. Kg2 h5 41. c6 h4 42. Qd8+ Kg7 43. Qxh4 Qxa3 44.
Qe7 Qxb4 1-0

[Event "Landsturneringen 2023"]
[Site "Vallhall, Oslo"]
[Date "2023.07.02"]
[Round "2"]
[White "Hansen, Edvard Dyre"]
[Black "Reppen, Ida Helene"]
[Result "1-0"]
[WhiteElo "1357"]
[BlackElo "1254"]
[TimeControl "40/5400+30:1800+30"]
[BlackFideId "1527517"]
[WhiteFideId "1559320"]

1. e4 e5 2. Nf3 Nf6 3. Nxe5 c5 4. Bc4 d5 5. exd5 Bd6 6. d4 O-O 7. O-O cxd4
8. Qxd4 Qc7 9. Nf3 Bg4 10. Nbd2 Rd8 11. h3 Bxf3 12. Nxf3 Nc6 13. Qh4 Ne7
14. Bd3 Nexd5 15. Bg5 Be7 16. c4 Nb6 17. Bxf6 Rxd3 18. Bxe7 f6 19. c5 Nd5
20. Qc4 Qxe7 21. Qxd3 Nc7 22. Qd6 Qf7 23. Rfe1 g5 24. Re7 Ne8 25. Qd7 Qg6
26. Rae1 Ng7 27. Nd4 Rf8 28. Ne6 Nxe6 29. Qxe6+ Rf7 1-0

[Event "Landsturneringen 2023"]
[Site "Vallhall, Oslo"]
[Date "2023.07.02"]
[Round "2"]
[White "Suprianto, Anto"]
[Black "Halås, Endre"]
[Result "1-0"]
[WhiteElo "1261"]
[BlackElo "1341"]
[TimeControl "40/5400+30:1800+30"]
[BlackFideId "1556738"]
[WhiteFideId "1558820"]

1. c4 e5 2. Nc3 Bc5 3. Nf3 Nc6 4. e3 Nf6 5. a3 a5 6. Bd3 O-O 7. O-O Re8 8.
Bc2 d6 9. d4 exd4 10. exd4 Ba7 11. Bg5 Kh8 12. Nd5 Rg8 13. Qd3 1-0

[Event "Landsturneringen 2023"]
[Site "Vallhall, Oslo"]
[Date "2023.07.02"]
[Round "2"]
[White "Drøpping, Jon Anders"]
[Black "Winsents, Tore"]
[Result "0-1"]
[WhiteElo "1264"]
[BlackElo "1349"]
[TimeControl "40/5400+30:1800+30"]
[BlackFideId "1571729"]
[WhiteFideId "1577271"]

1. Nf3 d6 2. d4 g6 3. Bg5 c6 4. e3 Bg4 5. e4 Bxf3 6. Qxf3 Qa5+ 7. Bd2 Qb6
8. Bc3 Bg7 9. Qd3 d5 10. e5 e6 11. a3 Qc7 12. Nd2 Ne7 13. Nf3 O-O 14. Bd2
Nd7 15. Bg5 Nc8 16. Qd2 c5 17. Bh6 cxd4 18. Bxg7 Kxg7 19. Nxd4 Qxe5+ 20.
Be2 a6 21. O-O Nd6 22. c3 Qf6 23. b3 Rac8 24. Rac1 Ne4 25. Qe3 Qe7 26. f3
Nef6 27. b4 Nb6 28. Nf5+ gxf5 29. Qxb6 Kh8 30. Qd4 Rg8 31. c4 dxc4 32. Bxc4
Rg6 33. Rf2 b5 34. Rfc2 bxc4 35. Rxc4 Rxc4 36. Rxc4 Rg8 37. Qe5 Qd8 38. Rd4
Qe7 39. g3 Kg7 40. Rd6 Qc7 41. Qf4 Qa7+ 42. Kg2 h6 43. Qc4 Qe3 44. Rd3 Qe2+
45. Kh3 Qf1+ 46. Kh4 Qg2 47. h3 Kh7 48. Qf4 Rg5 49. g4 Qf2+ 50. Qg3 Qxg3+
51. Kxg3 h5 52. f4 Rg8 53. g5 Nd5 54. Rb3 f6 55. Kh4 Nxf4 56. b5 fxg5+ 57.
Kg3 axb5 58. Rxb5 Rg7 59. Rb2 Ra7 60. Ra2 Kg6 61. h4 Ne2+ 62. Rxe2 Rxa3+
63. Kf2 Ra6 64. Kg3 f4+ 65. Kf3 Ra3+ 66. Ke4 Re3+ 67. Rxe3 fxe3 68. Kxe3
Kf5 0-1

[Event "Landsturneringen 2023"]
[Site "Vallhall, Oslo"]
[Date "2023.07.02"]
[Round "2"]
[White "Nilsen, Helmer"]
[Black "Holten, Terje"]
[Result "0-1"]
[WhiteElo "1377"]
[BlackElo "1286"]
[TimeControl "40/5400+30:1800+30"]
[BlackFideId "1551566"]
[WhiteFideId "1514253"]

1. d4 e6 2. Nf3 Nf6 3. a3 d5 4. Bg5 Be7 5. Nbd2 h6 6. Bh4 b6 7. e3 Bb7 8.
Bb5+ c6 9. Ba4 Nbd7 10. O-O O-O 11. Rc1 b5 12. Bb3 Ne4 13. Bxe7 Qxe7 14. c3
c5 15. dxc5 Ndxc5 16. Bc2 Rad8 17. Nd4 a6 18. N2b3 Nxb3 19. Nxb3 f5 20. f3
Ng5 21. Qd4 e5 22. Qh4 Nxf3+ 0-1

[Event "Landsturneringen 2023"]
[Site "Vallhall, Oslo"]
[Date "2023.07.02"]
[Round "2"]
[White "Sether, Jørgen Vamnes"]
[Black "Trondsen, Nicolai"]
[Result "0-1"]
[WhiteElo "1286"]
[BlackElo "1372"]
[TimeControl "40/5400+30:1800+30"]
[BlackFideId "1566695"]
[WhiteFideId "1530500"]

1. e4 e5 2. Nf3 Nc6 3. Bc4 Bc5 4. c3 Nf6 5. d3 O-O 6. O-O d6 7. Bg5 h6 8.
Bh4 Be6 9. Bxe6 fxe6 10. a4 a6 11. b4 Ba7 12. Qb3 Qd7 13. Nbd2 Kh7 14. b5
Ne7 15. d4 Ng6 16. Bg3 Nh5 17. dxe5 dxe5 18. Rad1 Ngf4 19. Bxf4 exf4 20.
Ne5 Qe8 21. Ndf3 Nf6 22. Qc4 Bb6 23. Nd4 Qh5 24. Nef3 e5 25. Ne6 Rf7 26.
Nd8 Rf8 27. Nxb7 axb5 28. axb5 g5 29. Nxe5 g4 30. Nd7 g3 31. Nxf6+ Rxf6 32.
Rd7+ Kh8 33. h3 f3 34. Nd8 gxf2+ 35. Kh2 fxg2 36. Nf7+ Rxf7 37. Qxf7 g1=Q+
38. Rxg1 fxg1=Q# 0-1

[Event "Landsturneringen 2023"]
[Site "Vallhall, Oslo"]
[Date "2023.07.03"]
[Round "3"]
[White "Winsents, Tore"]
[Black "Skogholt, Steinar Dieseth"]
[Result "0-1"]
[WhiteElo "1349"]
[BlackElo "1211"]
[TimeControl "40/5400+30:1800+30"]
[BlackFideId "1550047"]
[WhiteFideId "1571729"]

1. d4 Nf6 2. Bf4 d5 3. e3 c5 4. c3 Bf5 5. Bd3 Bxd3 6. Qxd3 Nc6 7. Nd2 e6 8.
Ngf3 Qb6 9. Qc2 Rc8 10. Nb3 cxd4 11. exd4 Ne4 12. Nbd2 Nxd4 13. Nxd4 Qxd4
14. Be3 Qb4 15. Nxe4 dxe4 16. O-O b6 17. Bd4 Qxd4 18. Rad1 Qc5 19. Qxe4 Be7
20. Qa4+ b5 21. Qa5 Qb6 22. Qxb6 axb6 23. Rd3 b4 24. cxb4 Bxb4 25. Rb3 Bc5
26. Rc3 Ke7 27. Rg3 g6 28. Rg4 Rhd8 29. b4 Rd4 30. Rxd4 Bxd4 31. Rb1 Rc2
32. a4 Rxf2 33. Kh1 Ra2 34. a5 bxa5 35. b5 Rb2 0-1

[Event "Landsturneringen 2023"]
[Site "Vallhall, Oslo"]
[Date "2023.07.03"]
[Round "3"]
[White "Flyum, Geir Magne"]
[Black "Granqvist, Arnold"]
[Result "0-1"]
[WhiteElo "1193"]
[BlackElo "1273"]
[TimeControl "40/5400+30:1800+30"]
[BlackFideId "109105211"]
[WhiteFideId "1574329"]

1. d4 b6 2. Bf4 e6 3. e3 Nf6 4. Nf3 c5 5. c3 d5 6. Nbd2 Bd6 7. Bd3 Bxf4 8.
exf4 Ba6 9. Bxa6 Nxa6 10. g3 O-O 11. O-O cxd4 12. Nxd4 Nc5 13. N2f3 Nfe4
14. Ne5 Rc8 15. Nd3 Qd6 16. Nxc5 bxc5 17. Nf3 Rb8 18. Nd2 Nf6 19. b3 Rb7
20. Re1 Rfb8 21. Ne4 Qe7 22. Nxf6+ Qxf6 23. Qc2 a5 24. Rab1 Qg6 25. Qc1 h6
26. Qa3 Rb5 27. Qc1 c4 28. Qd1 Qf6 29. Re5 Qe7 30. Re2 Qa3 31. Reb2 a4 32.
b4 Qxc3 33. Qxa4 d4 34. Qc2 Qxc2 35. Rxc2 Rxb4 36. Rxb4 Rxb4 37. Kf1 Kf8
38. Ke2 d3+ 0-1

[Event "Landsturneringen 2023"]
[Site "Vallhall, Oslo"]
[Date "2023.07.03"]
[Round "3"]
[White "Trondsen, Nicolai"]
[Black "Suprianto, Anto"]
[Result "0-1"]
[WhiteElo "1372"]
[BlackElo "1261"]
[TimeControl "40/5400+30:1800+30"]
[BlackFideId "1558820"]
[WhiteFideId "1566695"]

1. e4 e5 2. Nf3 Nc6 3. Bc4 Bc5 4. b4 Bb6 5. b5 Nd4 6. c3 Nxf3+ 7. Qxf3 Qf6
8. Qe2 Ne7 9. O-O O-O 10. Bb2 Re8 11. d4 c6 12. Nd2 d5 13. Bb3 Be6 14. Rad1
exd4 15. cxd4 Qh4 16. exd5 Nxd5 17. Nf3 Qh5 18. Qe5 Bf5 19. Qg3 h6 20. Rfe1
Bg4 21. Re5 Rxe5 22. dxe5 Be6 23. Nd4 Bxd4 24. Rxd4 Qf5 25. Rd1 cxb5 26.
Qd3 Qxd3 27. Rxd3 Nf4 28. Re3 Bxb3 29. Rxb3 a6 30. g3 Ne6 31. Kg2 Rc8 32.
Kf3 Rc4 33. h4 b4 34. Ke3 b5 35. a3 bxa3 36. Rxa3 Nc5 37. Bd4 Na4 38. h5
Kf8 39. f4 Ke7 40. e6 f6 41. f5 Rc6 42. Ke4 a5 43. Kd3 Kd6 44. Ra2 Ra6 45.
Rc2 Ra8 46. g4 b4 47. Rc4 Rd8 48. Kc2 Kd5 49. Kb3 Nb2 50. Bxb2 a4+ 51. Kxb4
Rb8+ 52. Kc3 Rb3+ 53. Kd2 Kxc4 54. Bxf6 gxf6 55. g5 a3 56. e7 Rb8 57. gxf6
a2 58. f7 a1=Q 59. e8=Q Qd4+ 60. Ke2 Rb2+ 61. Kf3 Rb3+ 62. Kg2 Qd2+ 0-1

[Event "Landsturneringen 2023"]
[Site "Vallhall, Oslo"]
[Date "2023.07.03"]
[Round "3"]
[White "Muggerud, Steinar"]
[Black "Fredriksen, Kristian Kvamme"]
[Result "1-0"]
[WhiteElo "1245"]
[BlackElo "1303"]
[TimeControl "40/5400+30:1800+30"]
[BlackFideId "1580566"]
[WhiteFideId "1572750"]

1. d4 d5 2. Nf3 c6 3. Bf4 Bf5 4. e3 Nd7 5. c3 Ngf6 6. Nbd2 e6 7. Ne5 Be7 8.
Ndf3 h6 9. a3 O-O 10. Nxd7 Nxd7 11. Bd3 Bxd3 12. Qxd3 f5 13. h4 Nf6 14. Ne5
Qe8 15. Qe2 Kh7 16. h5 Rg8 17. Ng6 Nxh5 18. Qxh5 Qxg6 19. O-O-O Qxh5 20.
Rxh5 g5 21. Be5 Rg6 22. Kc2 Rf8 23. Kd3 f4 24. e4 c5 25. c4 dxc4+ 26. Kxc4
Rc8 27. d5 Bf6 28. Bxf6 Rxf6 29. d6 b6 30. Kb5 Rd8 31. d7 e5 32. Ka6 Rf7
33. Rd6 Rdxd7 34. Rhxh6+ Kg8 35. Rdg6+ Rg7 36. Rd6 Rxd6 37. Rxd6 Re7 38.
Rg6+ Kh7 39. Rxg5 Kh6 40. Rf5 Kg7 41. Kb5 Kg6 42. Kc4 Rd7 43. Rxe5 Rd2 44.
g3 f3 45. b4 cxb4 46. axb4 Rxf2 47. Rf5 Rf1 48. Kd3 f2 49. Rf4 Rg1 50. Rxf2
Rxg3+ 51. Kd4 Rg1 52. Kd5 Rg5+ 53. e5 Rg4 54. e6 Rg1 55. Kd6 Rd1+ 56. Ke7
a5 57. Rf6+ Kg7 58. bxa5 bxa5 59. Rf4 Rb1 60. Rg4+ Kh7 61. Kf6 Rf1+ 62. Ke5
Re1+ 63. Re4 Rb1 64. e7 Rb8 65. Kf6 Rb6+ 66. Kf7 Rb7 67. Rh4# 1-0

[Event "Landsturneringen 2023"]
[Site "Vallhall, Oslo"]
[Date "2023.07.03"]
[Round "3"]
[White "Dalbak, Tom H."]
[Black "Nebell, Anne Grete"]
[Result "1-0"]
[WhiteElo "1253"]
[BlackElo "1317"]
[TimeControl "40/5400+30:1800+30"]
[BlackFideId "1558234"]
[WhiteFideId "1550357"]

1. d4 g6 2. e4 Bg7 3. Nf3 d6 4. Nc3 a6 5. Be3 b5 6. a3 Nd7 7. Bd3 Bb7 8.
Qd2 c5 9. dxc5 Nxc5 10. O-O Nf6 11. Bxc5 dxc5 12. Rfe1 c4 13. Bf1 Qc7 14.
h3 Rd8 15. Qe3 O-O 16. Rad1 Nd7 17. Qc1 Ne5 18. Nxe5 Bxe5 19. Nd5 Bxd5 20.
exd5 Bf4 21. Qb1 Rd6 22. Be2 e6 23. dxe6 Rxe6 24. Bf3 Rfe8 25. Rxe6 Rxe6
26. c3 Qe7 27. Kf1 f5 28. Bd5 Kg7 29. Bxe6 Qxe6 30. Re1 Qd6 31. Qd1 Qc7 32.
Qe2 Kh6 33. Qe7 Qb8 34. Qh4+ Kg7 35. Re7+ 1-0

[Event "Landsturneringen 2023"]
[Site "Vallhall, Oslo"]
[Date "2023.07.03"]
[Round "3"]
[White "Reppen, Ida Helene"]
[Black "Randers-Pehrson, Aslak"]
[Result "1-0"]
[WhiteElo "1254"]
[BlackElo "1220"]
[TimeControl "40/5400+30:1800+30"]
[BlackFideId "1568876"]
[WhiteFideId "1527517"]

1. d4 Nf6 2. c4 e6 3. Bg5 Nc6 4. Nf3 Bb4+ 5. Nc3 b6 6. e3 h6 7. Bxf6 Qxf6
8. Qb3 Bb7 9. Be2 O-O-O 10. O-O h5 11. d5 Bxc3 12. dxc6 Ba6 13. Qxc3 Qxc3
14. bxc3 dxc6 15. Ne5 Rd2 16. Bf3 c5 17. Nxf7 Rf8 18. Ne5 Rf5 19. Nc6 Bxc4
20. Rfd1 Rd7 21. Rxd7 Kxd7 22. Rd1+ Bd5 23. Nxa7 Ke7 24. e4 Bxe4 25. Bxe4
Re5 1-0